 Dungeon Crawl Stone Soup version 0.26-a0-739-gf55cbd344a (webtiles) character file.

Game seed: 5656659512333097452

720 mandarbmax the Shield-Bearer (level 7, -8/36 HPs)
             Began as a Vine Stalker Fighter on Nov 5, 2020.
             Mangled by an ogre
             ... wielding a +0 giant spiked club
              (17 damage)
             ... on level 5 of the Dungeon.
             The game lasted 00:10:57 (4020 turns).

mandarbmax the Shield-Bearer (Vine Stalker Fighter) Turns: 4020, Time: 00:10:57

Health: -8/36      AC: 13    Str: 19    XL:     7   Next: 70%
Magic:  0/8        EV:  5    Int:  8    God:
Gold:   227        SH: 10    Dex: 15    Spells: 6/6 levels left

rFire    x . .     SeeInvis .   v - +2 dagger (vamp)
rCold    + . .     Faith    .   c - +0 kite shield
rNeg     . . .     Spirit   +   p - +0 chain mail
rPois    .         Reflect  .   r - +0 helmet
rElec    .         Harm     .   b - +0 cloak
rCorr    .         Rampage  .   u - +1 pair of gloves (curse)
MR       +....                  (no boots)
Stlth    ..........             t - amulet of regeneration
HPRegen  0.92/turn              h - ring of ice
MPRegen  0.11/turn              s - ring of protection from magic

@: no status effects
A: fangs 2, regeneration 1, magic shield, antimagic bite, no potion heal 3, rot
immunity
a: no special abilities


You were on level 5 of the Dungeon.
You visited 1 branch of the dungeon, and saw 5 of its levels.

You collected 227 gold pieces.

Inventory:

Hand Weapons
 a - a +0 rapier
 m - a +2 dagger of holy wrath
 v - a +2 vampiric dagger (weapon)
Armour
 b - a +0 cloak (worn)
 c - a +0 kite shield (worn)
 p - a +0 chain mail (worn)
 r - a +0 helmet (worn)
 u - a cursed +1 pair of gloves (worn)
Jewellery
 h - a ring of ice (left hand)
 q - an uncursed ring of see invisible
 s - a ring of protection from magic (right hand)
 t - an amulet of regeneration (around neck)
 w - an uncursed ring of fire
Scrolls
 i - 2 scrolls of teleportation
 k - a scroll of fog
 o - a scroll of identify
Potions
 d - a potion of might
 e - 4 potions of attraction
 f - 7 potions of curing
 g - a potion of cancellation
 j - a potion of berserk rage
 l - a potion of ambrosia
 n - 2 potions of haste


   Skills:
 - Level 3.0 Fighting
 + Level 5.3 Short Blades
 - Level 3.0 Armour
 + Level 5.7 Shields


You had 6 spell levels left.
You didn't know any spells.
Your spell library was empty.

Dungeon Overview and Level Annotations

Branches:
Dungeon (5/15)
 Temple: D:4-7

Altars:
Dithmenos
Fedhas
Makhleb
Okawaru
Yredelemnul


Innate Abilities, Weirdness & Mutations

You have extremely sharp teeth.
Your natural rate of healing is unusually fast.
When hurt, damage is shared between your health and your magic reserves.
Your bite disrupts and absorbs the magic of your enemies.
Potions cannot restore your health.
You are immune to rotting.


Message History

The ogre is lightly wounded.
You hit the ogre.
The ogre is lightly wounded.
The ogre hits you but does no damage.
Your chain mail prevents you from hitting the ogre.
Your bite misses the ogre.
The ogre is lightly wounded.
You hit the ogre. You bite the ogre. You drain its power.
The ogre is heavily wounded.
The ogre hits you with a +0 giant spiked club!!
You hit the ogre.
You feel better.
Your bite misses the ogre.
The ogre is severely wounded.
The ogre hits you with a +0 giant spiked club!
* * * LOW HITPOINT WARNING * * *
You hit the ogre.
You feel better.
Your bite misses the ogre.
The ogre is severely wounded.
You hit the ogre. You bite the ogre. You drain its power.
You feel invigorated.
The ogre is almost dead.
The ogre hits you with a +0 giant spiked club!!
You die...

# ##.....##.# #.#.......#.##
#.#.......#..# ....._......#
#####.. #.......#..####.....
#.O.?[..#.......# ## #..
#.....##.###...#####..... ...
..####.####.###...#.....#..# #.#
...............O@........#.# #.#
.###.#......###............###.#
.............................##
###############.................
##########....#.##..(#....
#..>.......##.............
#.................#.####.#
#......#####......#.# #..
########.....####...######


You could see an ogre.

Vanquished Creatures
  A phantom (D:5)
  An ice beast (D:5)
  2 centaurs (D:5)
  A scorpion (D:5)
  2 hounds (D:4)
  2 orc wizards (D:3)
  An iguana (D:4)
  A worker ant (D:4)
  A hound zombie (D:5)
  10 adders
  An ooze (D:3)
  2 worms (D:3)
  A dart slug (D:2)
  4 orcs (D:3)
  2 ball pythons
  6 bats
  2 giant cockroaches
  5 goblins
  8 hobgoblins
  A jackal (D:1)
  4 kobolds
  6 frilled lizards
  3 rats
  A spectral orc (D:3)
68 creatures vanquished.

Notes
Turn   | Place    | Note
-------+----------+-------------------------------------------
     0 | D:1      | mandarbmax the Vine Stalker Fighter began the quest for the
                  | Orb.
     0 | D:1      | Reached XP level 1. HP: 11/11 MP: 2/2
   251 | D:1      | Reached XP level 2. HP: 14/16 MP: 1/3
   796 | D:1      | Reached XP level 3. HP: 20/20 MP: 4/4
  1547 | D:2      | Gained mutation: Your natural rate of healing is unusually
                  | fast. [Vine Stalker growth]
  1547 | D:2      | Reached XP level 4. HP: 17/24 MP: 5/5
  1917 | D:2      | Found a burning altar of Makhleb.
  1990 | D:2      | Found a shadowy altar of Dithmenos.
  2278 | D:3      | Found an iron altar of Okawaru.
  2383 | D:3      | Reached XP level 5. HP: 28/28 MP: 6/6
  2613 | D:3      | Found a basalt altar of Yredelemnul.
  3345 | D:4      | Reached XP level 6. HP: 32/32 MP: 7/7
  3694 | D:5      | Entered Level 5 of the Dungeon
  3719 | D:5      | Noticed a phantom
  3742 | D:5      | Killed a phantom
  3752 | D:5      | Found a blossoming altar of Fedhas.
  3816 | D:5      | Noticed an ice beast
  3833 | D:5      | Killed an ice beast
  3833 | D:5      | Reached skill level 5 in Shields
  3833 | D:5      | Reached XP level 7. HP: 36/36 MP: 8/8
  3905 | D:5      | Reached skill level 5 in Short Blades
  4020 | D:5      | Mangled by an ogre

Illustrated notes

Levels and vault maps discovered:
D:1:      dpeg_arrival_signposts, layout_basic, minmay_tetromino_o4
D:2:      layout_loops_cross, nicolae_dithmenos_through_a_glass_darkly,
          bloody_makhleb
D:3:      layout_loops_ring, yredelemnul_forgotten_temple_becter,
          okawaru_trees_1, mrwooster_statue_mirror
D:4:      layout_gridville, hangedman_abyss_or_decor_jellyfish_corner
D:5:      layout_rooms, old_standard_altar, nicolae_overflow_crystal_walls,
          lemuel_doored_altar, serial_shops, nicolae_shop_statue_plus

Skill      XL: |  1  2  3  4  5  6  7 |
---------------+----------------------+-----
Short Blades   | 2 3 4 5 |  5.3
Fighting       | 3 |  3.0
Shields        | 3 4 5 |  5.7
Armour         | 3 |  3.0

Action                   |  1- 3 |  4- 6 |  7- 9 || total
-------------------------+-------+-------+-------++-------
Melee: Rapier            |    70 |    68 |       ||   138
       Bite              |    12 |    68 |    17 ||    97
       Dagger            |       |   124 |    39 ||   163
  Use: Scroll            |       |    15 |       ||    15
       Potion            |       |     1 |       ||     1
Armor: Scale mail        |    24 |     3 |       ||    27
       Chain mail        |       |    69 |    12 ||    81
Dodge: Dodged            |     8 |    21 |     5 ||    34
Block: Kite shield       |    41 |    71 |    10 ||   122

Table legend: (Time is in decaauts)
 A = Elapsed time spent in this place.
 B = Non-inter-level travel time spent in this place.
 C = Inter-level travel time spent in this place.
 D = Time resting spent in this place.
 E = Time spent auto-exploring this place.
 F = Levels seen in this place.
 G = Mean time per level.
                   A        B        C        D        E       F      G
               +--------+--------+--------+--------+--------+-----+--------+
         Total |   4027 |   3801 |    226 |    100 |   3071 |   5 |  805.4 |
       Dungeon |   4027 |   3801 |    226 |    100 |   3071 |   5 |  805.4 |
               +--------+--------+--------+--------+--------+-----+--------+

Top non-repeatable levels by time:
     D:1: 1346 daAuts
     D:2: 897 daAuts
     D:4: 793 daAuts
     D:3: 718 daAuts
     D:5: 271 daAuts
